 Dungeon Crawl Stone Soup version 0.14-a0-2100-g3cf34dd (webtiles) character file.

46984 DaftWullie the Swashbuckler (level 14, 0/94 HPs)
             Began as a Kobold Berserker on Jan 22, 2014.
             Was a High Priest of Trog.
             Killed from afar by an ogre mage (22 damage)
             ... with a bolt of fire
             ... on Level 4 of the Orcish Mines on Jan 26, 2014.
             The game lasted 05:38:02 (23741 turns).

DaftWullie the Swashbuckler (Kobold Berserker)     Turns: 23741, Time: 05:38:03

HP   0/94        AC 18     Str 22      XL: 14   Next: 74%
MP  20/20        EV 22     Int  6      God: Trog [*****.]
Gold 836         SH 15     Dex 21      Spells:  0 memorised, 13 levels left

rFire  . . .     SeeInvis .     a - +4,+5 quick blade
rCold  . . .     Clarity  .     O - +3 scale mail {rPois}
rNeg   + . .     Conserve .     U - +1 buckler
rPois  +         rCorr    .     (no helmet)
rElec  .         rRot     .     Q - +0 cloak of Pocra {Str+4}
SustAb . .       Spirit   .     i - +1 pair of gloves
rMut   .         Warding  +     F - +1 pair of boots
Saprov + + .     Stasis   .     I - amulet of warding
MR     ++...                    X - +4 ring of protection
                                r - +4 ring of dexterity

@: regenerating, very slightly contaminated, very resistant to hostile
enchantments, quite stealthy
A: disease resistance, carnivore 3, saprovore 2
a: Burn Spellbooks, Berserk, Trog's Hand, Brothers in Arms, Renounce Religion


You were on level 4 of the Orcish Mines.
You worshipped Trog.
Trog was extremely pleased with you.
You were completely stuffed.

You visited 4 branches of the dungeon, and saw 23 of its levels.

You collected 1606 gold pieces.
You spent 770 gold pieces at shops.

Inventory:

Hand weapons
 a - a +4,+5 quick blade (weapon)
 d - a +0,+6 anti-magic short sword
 k - a +0,+2 quarterstaff of protection
 m - a +2,+3 orcish dagger
 w - a +3,+4 dwarven dagger
 B - a +5,+1 cutlass of flaming
Missiles
 e - 52 darts (quivered)
Armour
 i - a +1 pair of gloves (worn)
 F - a +1 pair of boots (worn)
 O - a +3 scale mail of poison resistance (worn)
 Q - the +0 cloak of Pocra (worn) {Str+4}
   (You found it on level 8 of the Lair of Beasts)

   It affects your strength (+4).
 U - a +1 buckler (worn)
Magical devices
 v - a wand of flame (0)
 N - a wand of confusion (5)
 T - a wand of slowing (17)
Comestibles
 c - a meat ration
 n - 2 chunks of orc flesh
Scrolls
 b - 2 scrolls of fog
 f - a scroll of enchant armour
 h - a scroll of enchant weapon I
 j - 3 scrolls of blinking
 o - 2 scrolls of teleportation
 y - a scroll of vulnerability
 E - a scroll of curse weapon {unknown}
 G - a scroll of immolation {unknown}
 K - a scroll of magic mapping
 Z - a scroll of curse jewellery {unknown}
Jewellery
 l - an uncursed ring of positive energy
 r - a +4 ring of dexterity (left hand)
 A - an uncursed amulet of rage
 I - an amulet of warding (around neck)
 X - a +4 ring of protection (right hand)
Potions
 g - 6 potions of curing
 s - a potion of magic {unknown}
 t - a potion of might {unknown}
 C - 5 potions of heal wounds
 H - a potion of speed


   Skills:
 * Level 13.3 Fighting
 + Level 18.9 Short Blades
 - Level 3.0 Throwing
 - Level 1.5 Armour
 + Level 13.7 Dodging
 + Level 9.2 Stealth
 + Level 4.7 Shields
 + Level 3.0 Evocations


You had 13 spell levels left.
You didn't know any spells.

Dungeon Overview and Level Annotations

Branches:
Dungeon (10/16)            Temple (0/1) D:7             Orc (4/4) D:9
   Lair (8/8) D:9          Shoals (0/5) Lair:4        Snake (1/5) Lair:4
  Slime (0/6) Lair:7
    Elf: Orc:3-4

Altars:
Cheibriados
Fedhas
Yredelemnul
Zin
The Shining One

Shops:
D:4 =[[:[   D:5 %   Orc:2 *   Orc:4 *(/

Annotations:
D:6 exclusion: oklob plant
Lair:2 exclusion: ice statue


Innate Abilities, Weirdness & Mutations

You recuperate from illness quickly.
You are small and have problems with some larger weapons.
You are carnivorous and can eat meat at any time.
You can eat rotten meat.


Message History

The crystal spear hits you!
* * * LOW HITPOINT WARNING * * *
Read which item? (? for menu, Esc to quit)
Blink to where?
Press: ? - help, Dir - move target cursor, p - ogre mage
As you read the scroll of blinking, it crumbles to dust.
You are very lightly contaminated with residual magic.
Save game and exit?
Welcome back, DaftWullie the Kobold Berserker.
Trog says: Kill them all!
Press ? for a list of commands and other information.
Save game and exit?
Okay, then.
Welcome back, DaftWullie the Kobold Berserker.
Trog says: Kill them all!
Press ? for a list of commands and other information.
The ogre mage casts a spell at you. The bolt of fire hits you!
One of your 2 scrolls labeled HAEMEJ PUN SKECOFU catches fire!
You die...

..###.....##...........##
...#......#...#.......##
....#..............#.##
...........).......###
...........$[.....##
............#))..###
...#........##.....##
....................#
................@...#
....))..##.#...#....##
......%##.#........#.##
......................#
..#...................#####
.#.#...........#.O.....##.##
...........................#
......#................##.##
.....#................#####


You could see an ogre mage.

Vanquished Creatures
  The ghost of beef the Thaumaturge, a powerful DEFE of Sif Muna (Lair:4)
  An ogre mage (Orc:4)
  5 hydras
  A deep troll shaman (Lair:8)
  4 death yaks (Lair:8)
  Nergalle (Orc:4)
  The ghost of Mitsuki the Tainter, an experienced SpVM of Vehumet (D:9)
  Joseph (D:8)
  2 griffons
  12 elephants
  An orc sorcerer (Orc:4)
  The ghost of temujin the Cudgeler, an experienced GrFi of Okawaru (D:5)
  4 black mambas
  10 spiny frogs
  A feature mimic (Lair:6)
  A mermaid (Lair:4)
  A fire drake (D:9)
  3 trolls
  8 blink frogs
  2 polar bears (Lair:2)
  Prince Ribbit (Lair:1)
  2 two-headed ogres (Orc:4)
  A hydra skeleton (D:9)
  A grizzly bear (Lair:8)
  A basilisk (Lair:7)
  A komodo dragon (Lair:2)
  30 yaks
  8 hippogriffs
  Eustachio (D:8)
  2 elephant slugs
  Grum (D:8)
  2 steam dragons (D:8)
  A wyvern (Lair:6)
  A hill giant skeleton (D:8)
  20 wolves
  A soldier ant (D:8)
  A merfolk (D:7)
  4 sky beasts
  2 orc warriors (Orc:2)
  8 porcupines
  A necrophage (D:6)
  2 nagas (Lair:4)
  4 black bears
  2 phantoms
  5 centaurs
  8 ice beasts (Lair:2)
  A giant goldfish (Lair:3)
  7 ogres
  13 crocodiles
  3 boring beetles
  Duvessa (D:8)
  A warg (Orc:2)
  18 water moccasins
  13 giant frogs
  7 giant slugs
  A brain worm (Lair:8)
  2 jellies (D:8)
  A gnoll sergeant (D:8)
  11 agate snails
  5 killer bees (D:7)
  A troll skeleton (D:7)
  An electric eel (Lair:3)
  3 pulsating lumps (Lair:7)
  10 crimson imps
  5 goliath beetles
  Dowan (D:8)
  A quasit (D:5)
  12 hounds
  7 iguanas
  3 big fish
  A centaur skeleton (D:7)
  3 scorpions
  8 orc priests
  14 sheep
  11 orc wizards
  12 worker ants
  An ogre skeleton (D:9)
  A worm zombie (D:9)
  16 adders
  4 giant centipedes
  11 gnolls
  41 green rats
  2 giant mites
  5 worms
  10 giant geckos
  2 oozes
  70 orcs
  21 bats
  12 hobgoblins
  25 jackals
  21 kobolds
  8 quokkas
  2 giant cockroaches
  6 giant newts
  19 goblins
  A jackal skeleton (D:8)
  A quokka zombie (D:8)
  51 rats
  A ballistomycete (D:9)
  3 fungi
  3 plants
686 creatures vanquished.

Vanquished Creatures (collateral kills)
  A hydra (Lair:8)
  A death yak (Lair:8)
  A catoblepas (Lair:8)
  The ghost of RedPan the Ruinous, an experienced DEWz of Vehumet (D:6)
  A manticore (D:8)
  A sky beast (D:8)
  An orc warrior (D:8)
  2 ogres
  An ice beast (D:6)
  A giant slug (Lair:8)
  An agate snail (Lair:8)
  2 orc priests (D:5)
  A big fish (D:6)
  A soldier ant zombie (D:8)
  2 orc wizards
  A worker ant (D:8)
  3 green rats (Lair:8)
  3 orcs (D:8)
  A hobgoblin (D:8)
26 creatures vanquished.

Vanquished Creatures (others)
  3 trolls
  3 ogres
  An orc wizard (Orc:2)
  A sheep (Lair:3)
  A bat (Lair:4)
  A giant spore (D:9)
  7 fungi
  6 plants
23 creatures vanquished.

Grand Total: 735 creatures vanquished

Notes
Turn   | Place    | Note
--------------------------------------------------------------
     0 | D:1      | DaftWullie, the Kobold Berserker, began the quest for the Orb.
     0 | D:1      | Reached XP level 1. HP: 14/14 MP: 1/1
   100 | D:1      | Reached XP level 2. HP: 10/19 MP: 2/2
   659 | D:1      | Acquired Trog's second power
   717 | D:1      | Reached XP level 3. HP: 23/23 MP: 3/3
   809 | D:2      | Reached skill level 5 in Short Blades
  1211 | D:2      | Reached skill level 1 in Stealth
  1211 | D:2      | Reached XP level 4. HP: 16/29 MP: 4/4
  1767 | D:2      | Acquired Trog's third power
  1840 | D:2      | Reached skill level 1 in Throwing
  1919 | D:2      | Reached XP level 5. HP: 11/33 MP: 5/5
  2216 | D:3      | Reached skill level 6 in Short Blades
  2337 | D:4      | Found Klaptes' Armour Shoppe.
  2345 | D:5      | Entered Level 5 of the Dungeon
  2345 | D:5      | Noticed a hill giant
  2412 | D:4      | Found Zuebien's Jewellery Emporium.
  2429 | D:4      | Reached XP level 6. HP: 36/38 MP: 6/6
  2453 | D:4      | Noticed an ogre
  2461 | D:4      | Killed an ogre
  2529 | D:4      | Found Cluiwuom's Antique Armour Shoppe.
  2815 | D:4      | Noticed an ogre
  2826 | D:4      | Killed an ogre
  2826 | D:4      | Reached skill level 5 in Dodging
  2826 | D:4      | Reached XP level 7. HP: 26/42 MP: 7/7
  2930 | D:3      | Noticed a centaur
  2930 | D:3      | Noticed a centaur
  2953 | D:3      | HP: 2/42 [centaur/arrow (11)]
  3173 | D:3      | Killed a centaur
  3173 | D:3      | Reached skill level 7 in Short Blades
  3696 | D:3      | Found a snail-covered altar of Cheibriados.
  3706 | D:3      | Found a glowing silver altar of Zin.
  3708 | D:3      | Found a basalt altar of Yredelemnul.
  3845 | D:4      | Bought a +2 orcish leather armour for 174 gold pieces
  3978 | D:4      | Found Etuunk's Book Boutique.
  4011 | D:4      | Found Smitt's Antique Armour Boutique.
  4236 | D:5      | Found Phuphaluga's Food Shoppe.
  4494 | D:5      | Noticed an ogre
  4505 | D:5      | Killed an ogre
  4746 | D:5      | Reached XP level 8. HP: 48/48 MP: 2/8
  4748 | D:5      | Noticed temujin's ghost (experienced GrFi)
  4801 | D:5      | Killed temujin's ghost
  4801 | D:5      | Reached skill level 8 in Short Blades
  5073 | D:5      | Found a glowing golden altar of the Shining One.
  5277 | D:5      | Reached skill level 5 in Fighting
  5515 | D:7      | Reached skill level 9 in Short Blades
  5572 | D:6      | Reached skill level 5 in Stealth
  5572 | D:6      | Reached XP level 9. HP: 37/54 MP: 3/9
  5796 | D:7      | Found a staircase to the Ecumenical Temple.
  5958 | D:6      | Noticed RedPan's ghost (experienced DEWz)
  5964 | D:6      | Killed RedPan's ghost
  6332 | D:6      | Found a blossoming altar of Fedhas.
  6360 | D:6      | Reached skill level 10 in Short Blades
  6454 | D:6      | Noticed an oklob plant
  6707 | D:8      | Noticed Grum
  6733 | D:8      | Killed Grum
  7004 | D:7      | Reached skill level 11 in Short Blades
  7004 | D:7      | Reached XP level 10. HP: 24/61 MP: 3/11
  7110 | D:7      | Upgraded the game from 0.14-a0-2061-g6c6fb9c to 0.14-a0-2071-g7172c92
  7991 | D:8      | Reached skill level 12 in Short Blades
  8050 | D:8      | Noticed Eustachio
  8136 | D:8      | Killed Eustachio
  8210 | D:9      | Found a staircase to the Orcish Mines.
  8639 | D:8      | Reached skill level 1 in Evocations
  8690 | D:8      | Noticed Joseph
  8877 | D:8      | Killed Joseph
  9012 | D:8      | Reached skill level 10 in Dodging
  9024 | D:8      | Noticed Dowan
  9061 | D:8      | Reached skill level 13 in Short Blades
  9120 | D:8      | Reached XP level 11. HP: 36/68 MP: 4/13
  9159 | D:8      | Noticed a troll
  9339 | D:8      | Noticed Duvessa
  9361 | D:8      | Killed Dowan
  9371 | D:8      | Killed Duvessa
  9377 | D:8      | Received a gift from Trog
  9443 | D:8      | Killed a troll
  9804 | D:8      | Reached skill level 14 in Short Blades
 10151 | D:9      | Upgraded the game from 0.14-a0-2071-g7172c92 to 0.14-a0-2080-ge317583
 10335 | D:9      | Noticed Mitsuki's ghost (experienced SpVM)
 10351 | D:9      | Killed Mitsuki's ghost
 10473 | Orc:1    | Entered Level 1 of the Orcish Mines
 10684 | D:9      | Found a staircase to the Lair.
 10880 | D:10     | Entered Level 10 of the Dungeon
 11376 | Lair:1   | Entered Level 1 of the Lair of Beasts
 11646 | Lair:2   | Noticed Prince Ribbit
 11836 | Lair:1   | Killed Prince Ribbit
 12187 | Lair:1   | Upgraded the game from 0.14-a0-2080-ge317583 to 0.14-a0-2091-gca92d1a
 12378 | Lair:1   | Reached skill level 15 in Short Blades
 12831 | Lair:2   | Noticed a five-headed hydra
 12861 | Lair:2   | Killed a six-headed hydra
 12861 | Lair:2   | Reached skill level 1 in Shields
 12861 | Lair:2   | Reached XP level 12. HP: 32/76 MP: 5/16
 13290 | Lair:2   | Received a gift from Trog
 13629 | Lair:2   | Noticed an ice statue
 14401 | Lair:3   | Reached skill level 16 in Short Blades
 14564 | Lair:3   | Reached skill level 10 in Fighting
 14624 | Lair:3   | Upgraded the game from 0.14-a0-2091-gca92d1a to 0.14-a0-2100-g3cf34dd
 15590 | Lair:4   | Found a staircase to the Snake Pit.
 15650 | Snake:1  | Entered Level 1 of the Snake Pit
 15789 | Lair:4   | Found a staircase to the Shoals.
 15832 | Lair:4   | Noticed beef's ghost (powerful DEFE)
 15849 | Lair:4   | Killed beef's ghost
 16009 | Lair:4   | Received a gift from Trog
 16531 | Lair:5   | Reached XP level 13. HP: 84/84 MP: 18/18
 17276 | Lair:5   | Reached skill level 17 in Short Blades
 17530 | Lair:5   | Received a gift from Trog
 18379 | Lair:6   | Found a staircase to the Snake Pit.
 18386 | Lair:6   | the staircase to the Snake Pit was a mimic.
 18993 | Lair:7   | Found a staircase to the Slime Pits.
 19009 | Lair:8   | Entered Level 8 of the Lair of Beasts
 19763 | Lair:7   | Received a gift from Trog
 20767 | Lair:8   | Reached skill level 18 in Short Blades
 20803 | Lair:8   | Reached XP level 14. HP: 92/92 MP: 19/19
 21084 | Lair:8   | Received a gift from Trog
 22058 | Lair:8   | Got an encrusted cloak
 22062 | Lair:8   | Identified the +0 cloak of Pocra {Str+4} (You found it on level 8 of the Lair of Beasts)
 22717 | Orc:2    | Found Raokybyll's Assorted Antiques.
 22728 | Orc:2    | Bought a scroll of blinking for 126 gold pieces
 22728 | Orc:2    | Bought a scroll of enchant armour for 126 gold pieces
 22728 | Orc:2    | Bought a scroll of enchant weapon I for 126 gold pieces
 22728 | Orc:2    | Bought a scroll of blinking for 126 gold pieces
 22728 | Orc:2    | Bought a potion of curing for 46 gold pieces
 22728 | Orc:2    | Bought a potion of curing for 46 gold pieces
 22902 | Orc:1    | Received a gift from Trog
 23266 | Orc:4    | Entered Level 4 of the Orcish Mines
 23266 | Orc:4    | Noticed Nergalle
 23397 | Orc:4    | Killed Nergalle
 23667 | Orc:4    | Found Sasm's General Store.
 23667 | Orc:4    | Found Rianax's Magical Wand Shop.
 23667 | Orc:4    | Found Phiat's Weapon Shop.
 23741 | Orc:4    | Killed from afar by an ogre mage

Action                   |  1- 3 |  4- 6 |  7- 9 | 10-12 | 13-15 || total
-------------------------+-------+-------+-------+-------+-------++-------
Melee: Short sword       |   136 |   207 |   436 |  1591 |       ||  2370
       Quick blade       |       |       |       |   576 |   778 ||  1354
       Cutlass           |       |       |       |       |   858 ||   858
Throw: Dart              |    11 |    43 |    57 |   228 |   225 ||   564
Invok: Berserk           |     5 |     5 |    11 |    37 |    11 ||    69
       Trog's Hand       |       |     2 |     2 |     9 |     3 ||    16
       Burn Spellbooks   |       |       |     1 |       |       ||     1
       Brothers in Arms  |       |       |     3 |     6 |     4 ||    13
Evoke: Wand              |       |       |     3 |    16 |    14 ||    33
  Use: Scroll            |       |       |     1 |    18 |     8 ||    27
       Potion            |       |       |       |     2 |     1 ||     3
 Stab: Sleeping          |     1 |     4 |     7 |    13 |     8 ||    33
       Distracted        |       |       |       |     1 |     1 ||     2
       Fleeing           |       |       |       |     1 |       ||     1
       Petrifying        |       |       |       |       |     1 ||     1
